 Dungeon Crawl Stone Soup version 0.25-a0-425-g0e000e855e (webtiles) character file.

Game seed: 6919523304379870653, levelgen mode: deterministic

128 Kohma the Changer (level 4, -4/35 HPs)
             Began as a Draconian Transmuter on Jan 24, 2020.
             Killed by divine providence
             ... invoked by an orc priest
              (12 damage)
             ... on level 2 of the Dungeon.
             The game lasted 00:09:14 (2959 turns).

Kohma the Changer (Draconian Transmuter)            Turns: 2959, Time: 00:09:15

Health: -4/35      AC:  2    Str: 13    XL:     4   Next: 86%
Magic:  2/7        EV: 19    Int: 14    God:
Gold:   72         SH:  0    Dex: 16    Spells: 1/7 levels left

rFire    . . .     SeeInvis .     - Unarmed
rCold    . . .     Gourm    .   (shield currently unavailable)
rNeg     . . .     Faith    .   (armour unavailable)
rPois    x         Spirit   .   (helmet currently unavailable)
rElec    .         Reflect  .   (cloak currently unavailable)
rCorr    .         Harm     .   (gloves currently unavailable)
MR       .....                  (boots currently unavailable)
Stlth    +.........             (no amulet)
HPRegen  0.11/turn              (no ring)
MPRegen  0.10/turn              (no ring)

@: spider-form (expiring), very slightly contaminated
A: tiny, unfitting armour, AC +5
a: End Transformation


You were on level 2 of the Dungeon.
You were very hungry.
You were a venomous arachnid creature.
You visited 1 branch of the dungeon, and saw 3 of its levels.

You collected 72 gold pieces.

Inventory:

Missiles
 a - 8 arrows
Jewellery
 b - an uncursed ring of flight
Scrolls
 d - 3 scrolls of identify {unknown}
 g - a scroll of teleportation {unknown}
Potions
 e - 3 potions of ambrosia {unknown}
 f - a potion of might {unknown}
 h - a potion of degeneration {unknown}
Comestibles
 c - 3 rations


   Skills:
 - Level 1.1 Fighting
 - Level 1.7 Dodging
 - Level 3.0 Unarmed Combat
 - Level 2.0 Spellcasting
 + Level 5.1 Transmutations


You had one spell level left.
You knew the following spells:

 Your Spells              Type           Power        Failure   Level  Hunger
a - Beastly Appendage     Tmut           ###...       10%         1    ##.....
b - Sticks to Snakes      Tmut           ###.....     13%         2    ###....
c - Spider Form           Tmut/Pois      #.........   45%         3    ####...

Your spell library contained the following spells:

 Spells                   Type           Power        Failure   Level  Hunger
 Blade Hands              Tmut           ###.......   80%         5    ######.
 Ice Form                 Ice/Tmut       #.......     82%         4    #####..


Dungeon Overview and Level Annotations

Branches:
Dungeon (3/15)

Altars:
Gozag


Innate Abilities, Weirdness & Mutations

((Your plain brown scales are hard. (AC +5)))
You cannot fit into any form of body armour.
((You are cold-blooded and may be slowed by cold attacks.))


Message History

The orc priest hits you with a cursed -3 club.
The orc wizard casts a spell.
The orc wizard seems to speed up.
You hit the orc priest but do no damage.
The orc priest misses you.
The orc wizard gestures wildly while chanting.
The orc wizard blinks!
The orc priest calls down the wrath of Beogh upon you.
Beogh smites you!
* * * LOW HITPOINT WARNING * * *
There is a stone staircase leading up, spattered with blood here.
The orc priest completely misses you.
The orc priest casts a cantrip, but nothing happens.
You climb upwards.
There is a stone staircase leading down here.
You hit the orc priest.
The orc priest is poisoned.
The orc priest is moderately wounded.
The orc priest invokes the aid of Beogh against you.
Beogh smites you!
You die...

#.............#..).......#.#.
#.#...........#.########.#.#.
#.#.###'###...#........#.#.#.
#.#.# #.# #...########.#.#.#.
#.#.###.###...# #.#.#.#.
#.#.'.._###...# #.#.#.#.
#.#.###.###...# #.#.#.#.
##.#.# #.# #..^########.#.#.##
#..))###'###.so...........<...
###..........#............#...
#)....................###.#.
##.#######.#################
#.# #.................. #.#
################### #(# #(#
######### #(# #........


You could see an orc priest.

Vanquished Creatures
  2 gnolls (D:2)
  2 adders (D:3)
  A worm (D:3)
  A dart slug (D:1)
  6 leopard geckos
  An orc (D:3)
  2 ball pythons (D:1)
  5 giant cockroaches
  4 goblins
  3 hobgoblins (D:1)
  6 jackals
  9 kobolds
  3 bats
  2 frilled lizards (D:2)
  5 rats
52 creatures vanquished.

Vanquished Creatures (collateral kills)
  A gnoll (D:2)
  3 adders (D:2)
  An orc (D:3)
  A hobgoblin (D:2)
  A kobold (D:2)
  A bat (D:2)
  A frilled lizard (D:2)
9 creatures vanquished.

Grand Total: 61 creatures vanquished

Notes
Turn   | Place    | Note
-------+----------+-------------------------------------------
     0 | D:1      | Kohma the Draconian Transmuter began the quest for the Orb.
     0 | D:1      | Reached XP level 1. HP: 16/16 MP: 3/3
     6 | D:1      | Noticed a redback
     6 | D:1      | Noticed an anaconda
     6 | D:1      | Noticed a black bear
   270 | D:1      | Reached XP level 2. HP: 17/23 MP: 3/5
   287 | D:1      | Reached skill level 3 in Transmutations
   307 | D:1      | Learned a level 2 spell: Sticks to Snakes
   841 | D:1      | Reached XP level 3. HP: 26/28 MP: 4/6
   863 | D:1      | Learned a level 3 spell: Spider Form
  1084 | D:2      | Reached skill level 4 in Transmutations
  1328 | D:2      | Reached XP level 4. HP: 13/35 MP: 0/7
  1526 | D:2      | Found an opulent altar of Gozag.
  2560 | D:3      | Reached skill level 5 in Transmutations
  2959 | D:2      | Killed from afar by an orc priest

Levels and vault maps discovered:
D:1:      onia_arrival_zoo_common, layout_rooms, chequers_decorated_corner
D:2:      layout_basic, lemuel_doored_altar, grunt_ministairs_6
D:3:      layout_loops_ring, kennysheep_minor_cross, bloody_makhleb

Skill      XL: |  1  2  3  4 |
---------------+-------------+-----
Transmutations | 3 4 5 |  5.1
Fighting       | |  1.1
Dodging        | |  1.7
Unarmed Combat | |  3.0
Spellcasting   | |  2.0

Action                   |  1- 3 |  4- 6 || total
-------------------------+-------+-------++-------
Melee: Unarmed           |   119 |    79 ||   198
       Headbutt          |     8 |     5 ||    13
       Tailslap          |     8 |     8 ||    16
       Kick              |     5 |     3 ||     8
       Punch             |     1 |     2 ||     3
 Cast: Beastly Appendage |    18 |    13 ||    31
       Sticks to Snakes  |     6 |     9 ||    15
       Spider Form       |       |     1 ||     1
 Stab: Distracted        |     1 |       ||     1
  Eat: Chunk             |     2 |     6 ||     8
Armor: Skin              |    22 |    15 ||    37
Dodge: Dodged            |    77 |    58 ||   135

Table legend:
 A = Non-vault XP
 B = Vault XP
 C = Vault XP percentage of total XP
 D = Non-vault monster count
 E = Vault monster count
 F = Vault count percentage of total count
                 A         B        C        D         E       F
            +---------+---------+-------+---------+---------+-------
      Total |     178 |       5 |   2.7 |      58 |       3 |   4.9
            +---------+---------+-------+---------+---------+-------
        D:1 |      56 |       0 |   0.0 |      28 |       0 |   0.0
        D:2 |      88 |       5 |   5.4 |      23 |       3 |  11.5
        D:3 |      34 |       0 |   0.0 |       7 |       0 |   0.0
            +---------+---------+-------+---------+---------+-------
